 Dungeon Crawl Stone Soup version 0.26.1-2-gb8aa6d0cf2 (webtiles) character file.

Game seed: 1198308881970009347

3867 windgrace the Martial Artist (level 10, -5/81 HPs)
             Began as a Gnoll Monk on Feb 16, 2021.
             Was an Elder of Cheibriados.
             Slain by a killer bee (6 damage)
             ... on level 9 of the Dungeon.
             The game lasted 00:26:39 (7978 turns).

windgrace the Martial Artist (Gnoll Monk)           Turns: 7978, Time: 00:26:41

Health: -5/81      AC: 15    Str: 23 (26) XL:     10   Next: 19%
Magic:  17/17      EV: 17    Int: 20 (22) God:    Cheibriados [****..]
Gold:   489        SH: 11    Dex: 26 (29) Spells: 17/19 levels left

rFire    + . .     SeeInvis .   R - +3 dagger (elec)
rCold    + + .     Faith    +   K - +0 kite shield
rNeg     + . .     Spirit   .   s - +3 ring mail {rC+}
rPois    .         Reflect  .   y - +2 helmet
rElec    .         Harm     .   P - +0 cloak
rCorr    .         Rampage  .   (no gloves)
Will     .....                  (no boots)
Stlth    +++.......             H - amulet of faith
HPRegen  0.63/turn              c - ring of positive energy
MPRegen  0.15/turn              r - ring of protection from cold

@: lethally poisoned (-5 -> -5), berserk cooldown, very slow
A: distributed training, fangs 1, thin metallic scales 1, blink, fire resistance
1, regeneration 1, strong nose
a: Blink, Renounce Religion, Bend Time, Temporal Distortion, Slouch


You were on level 9 of the Dungeon.
You worshipped Cheibriados.
Cheibriados was greatly pleased with you.
You visited 2 branches of the dungeon, and saw 10 of its levels.

You collected 489 gold pieces.

Inventory:

Hand Weapons
 b - a +2 whip of pain
 f - a +2 flail of draining
 j - a +0 hunting sling
 L - a +2 morningstar of flaming
 R - a +3 dagger of electrocution (weapon)
 S - a +2 vorpal mace
Missiles
 l - 10 poisoned darts
 m - 8 javelins (quivered)
 q - 5 boomerangs of dispersal
 x - 45 sling bullets
Armour
 a - a +0 robe
 k - a +0 chain mail
 s - a +3 ring mail of cold resistance (worn)
 y - a +2 helmet (worn)
 D - a +0 plate armour
 G - a -1 cloak
 K - a +0 kite shield (worn)
 O - +0 steam dragon scales
 P - a +0 cloak (worn)
Jewellery
 c - a ring of positive energy (left hand)
 r - a ring of protection from cold (right hand)
 H - an amulet of faith (around neck)
Wands
 B - a wand of digging (4)
 F - a wand of acid (7)
 J - a wand of iceblast (8)
Scrolls
 d - 7 scrolls of remove curse
 e - 6 scrolls of teleportation
 g - 3 scrolls of enchant armour
 h - 3 scrolls of fear {unknown}
 i - 3 scrolls of amnesia
 n - 2 scrolls of magic mapping
 o - 11 scrolls of identify {unknown}
 t - a scroll of blinking {unknown}
 w - a scroll of random uselessness
 N - a scroll of fog {unknown}
Potions
 z - a potion of haste
 C - 2 potions of mutation
 Q - a potion of berserk rage


   Skills:
 + Level 8.3 Fighting
 + Level 5.0 Short Blades
 + Level 5.0 Long Blades
 + Level 5.0 Axes
 + Level 5.0 Maces & Flails
 + Level 5.0 Polearms
 + Level 5.0 Staves
 + Level 5.0 Slings
 + Level 5.0 Bows
 + Level 5.0 Crossbows
 + Level 5.0 Throwing
 + Level 5.0 Armour
 + Level 8.3 Dodging
 + Level 6.6 Stealth
 + Level 5.0 Shields
 + Level 8.3 Unarmed Combat
 + Level 5.0 Spellcasting
 + Level 4.1 Conjurations
 + Level 4.1 Hexes
 + Level 4.1 Summonings
 + Level 4.1 Necromancy
 + Level 4.1 Translocations
 + Level 4.1 Transmutations
 + Level 4.1 Fire Magic
 + Level 4.1 Ice Magic
 + Level 4.1 Air Magic
 + Level 4.1 Earth Magic
 + Level 4.1 Poison Magic
 + Level 5.5 Invocations
 + Level 5.0 Evocations


You had 17 spell levels left.
You knew the following spells:

 Your Spells              Type           Power        Failure   Level
a - Wereblood             Tmut           21%          17%         2

Your spell library contained the following spells:

 Spells                   Type           Power        Failure   Level
 Beastly Appendage        Tmut           42%          12%         1
 Spider Form              Tmut/Pois      10%          34%         3
 Ice Form                 Ice/Tmut       21%          75%         4
 Blade Hands              Tmut           10%          97%         5


Dungeon Overview and Level Annotations

Branches:
Dungeon (9/15)             Temple (1/1) D:5
   Lair: D:8-11         Orc: D:9-12

Altars:
Ashenzari
Cheibriados
Dithmenos
Elyvilon
Fedhas
Gozag
Hepliaklqana
Kikubaaqudgha
Makhleb
Nemelex Xobeh
Okawaru
Qazlal
Ru
Sif Muna
Trog
Uskayaw
Vehumet
Wu Jian
Xom
Yredelemnul
Zin
The Shining One


Innate Abilities, Weirdness & Mutations

Your experience applies equally to all skills.
You have very sharp teeth.
Your uncanny sense of smell can sniff out nearby items.
You are partially covered in thin metallic scales. (AC +2)
You can translocate small distances at will.
Your flesh is heat resistant. (rF+)
Your natural rate of healing is unusually fast.


Message History

You block the killer bee's attack. The gnoll completely misses you.
The killer bee stings you.
* * * LOW HITPOINT WARNING * * *
You block the killer bee's attack.
As you read the scroll labelled VEUQUA EGIW, it crumbles to dust.
You hear a loud clanging noise!
It was a scroll of noise.
You feel sick.
The killer bee stings you but does no damage. x2
You block the killer bee's attack. The killer bee stings you.
* * * LOW HITPOINT WARNING * * *
You block the gnoll's attack. The killer bee completely misses you.
You block the killer bee's attack.
This is a scroll of acquirement!
Something appears at your feet!
You feel sick. You block the killer bee's attack.
The killer bee stings you but does no damage.
You block the killer bee's attack.
The killer bee stings you but does no damage.
You block the gnoll's attack. The killer bee stings you.
You die...

*** ***,** **,,,,* ###
*,,,,,** #.# *,,,,,,*##.##
**,,*,,**#...#
*,,,,.,,*#...##*##
*,,,,....#.<†.#..## *
**,,........y@†...#
****,,,........yy#.###***
**,,,,,..........g...,,,***
*,,,,,,................,,,*
*,,,*,,..#...../........***
*,,,,,,................#*
**,,,,,,..............##***
,*,*,,,,........#......**,*
,,,***,,,,,,,,,***,,,,,**,***


You could see 3 killer bees and a gnoll.

Vanquished Creatures
  Pikel (D:7)
  Maggie (D:7)
  A hornet (D:7)
  Grinder (D:3)
  Menkaure (D:4)
  6 ice beasts
  A phantom (D:4)
  An ogre (D:2)
  2 centaurs
  Blork the orc (D:6)
  A bullfrog (D:8)
  A water moccasin zombie (D:5)
  2 scorpions (D:4)
  3 killer bees (D:9)
  3 wights (D:8)
  A centaur zombie (D:8)
  3 jellies
  7 orc wizards
  3 orc priests
  A hound (D:6)
  A bullfrog skeleton (D:7)
  Jessica (D:2)
  Terence (D:3)
  3 iguanas
  4 worker ants
  A killer bee zombie (D:6)
  3 hound skeletons
  Robin (D:3)
  A worker ant zombie (D:5)
  9 gnolls
  12 adders
  2 shadow imps
  4 white imps
  An ufetubus (D:5)
  An adder skeleton (D:4)
  4 worms
  3 dart slugs
  6 leopard geckos
  32 orcs
  A ball python (D:1)
  11 bats
  4 giant cockroaches
  18 goblins
  10 hobgoblins
  18 jackals
  2 quokkas (D:3)
  5 frilled lizards
  A jackal skeleton (D:7)
  8 kobolds
  A leopard gecko zombie (D:5)
  A quokka zombie (D:7)
  6 rats
217 creatures vanquished.

Notes
Turn   | Place    | Note
-------+----------+-------------------------------------------
     0 | D:1      | windgrace the Gnoll Monk began the quest for the Orb.
     0 | D:1      | Reached XP level 1. HP: 23/23 MP: 1/1
   117 | D:1      | You fall into a shaft and drop 1 floor!
   130 | D:2      | Reached XP level 2. HP: 29/29 MP: 2/2
   397 | D:1      | Reached XP level 3. HP: 35/35 MP: 3/3
  1167 | D:2      | Reached skill level 1 in Invocations
  1439 | D:2      | Noticed Jessica
  1448 | D:2      | Killed Jessica
  1449 | D:2      | Reached skill level 1 in Short Blades
  1449 | D:2      | Reached skill level 1 in Long Blades
  1449 | D:2      | Reached skill level 1 in Axes
  1449 | D:2      | Reached skill level 1 in Maces & Flails
  1449 | D:2      | Reached skill level 1 in Polearms
  1449 | D:2      | Reached skill level 1 in Staves
  1449 | D:2      | Reached skill level 1 in Slings
  1449 | D:2      | Reached skill level 1 in Bows
  1449 | D:2      | Reached skill level 1 in Crossbows
  1449 | D:2      | Reached skill level 1 in Throwing
  1449 | D:2      | Reached skill level 1 in Armour
  1449 | D:2      | Reached skill level 1 in Shields
  1449 | D:2      | Reached skill level 1 in Spellcasting
  1449 | D:2      | Reached skill level 1 in Evocations
  1449 | D:2      | Reached XP level 4. HP: 33/41 MP: 5/5
  1717 | D:2      | Noticed an ogre
  1741 | D:2      | Killed an ogre
  1742 | D:2      | Reached skill level 1 in Conjurations
  1742 | D:2      | Reached skill level 1 in Hexes
  1742 | D:2      | Reached skill level 1 in Summonings
  1742 | D:2      | Reached skill level 1 in Necromancy
  1742 | D:2      | Reached skill level 1 in Translocations
  1742 | D:2      | Reached skill level 1 in Transmutations
  1742 | D:2      | Reached skill level 1 in Fire Magic
  1742 | D:2      | Reached skill level 1 in Ice Magic
  1742 | D:2      | Reached skill level 1 in Air Magic
  1742 | D:2      | Reached skill level 1 in Earth Magic
  1742 | D:2      | Reached skill level 1 in Poison Magic
  1742 | D:2      | Reached XP level 5. HP: 15/47 MP: 5/7
  2401 | D:3      | Found a basalt altar of Yredelemnul.
  2488 | D:3      | Noticed Terence
  2507 | D:3      | Killed Terence
  2664 | D:3      | Noticed Grinder
  2692 | D:3      | Paralysed by Grinder for 5 turns
  2713 | D:3      | Paralysed by Grinder for 4 turns
  2732 | D:3      | HP: 1/47 [Grinder/nerve-wracking pain (6)]
  3152 | D:3      | Reached XP level 6. HP: 47/52 MP: 8/8
  3361 | D:3      | Noticed Robin
  3366 | D:3      | Killed Robin
  3725 | D:3      | Found an ancient bone altar of Kikubaaqudgha.
  3934 | D:3      | Killed Grinder
  3935 | D:3      | Reached XP level 7. HP: 43/60 MP: 10/10
  4115 | D:4      | Noticed Menkaure
  4123 | D:4      | Killed Menkaure
  4199 | D:4      | Reached skill level 5 in Stealth
  4271 | D:4      | Reached XP level 8. HP: 59/67 MP: 12/12
  4680 | D:5      | Entered Level 5 of the Dungeon
  4935 | D:5      | Found a staircase to the Ecumenical Temple.
  4945 | Temple   | Entered the Ecumenical Temple
  5099 | Temple   | Became a worshipper of Cheibriados the Contemplative
  5099 | Temple   | Reached * piety under Cheibriados
  5099 | Temple   | Reached ** piety under Cheibriados
  5537 | D:5      | Found a hide-covered altar of Uskayaw.
  5792 | D:6      | Reached *** piety under Cheibriados
  5835 | D:6      | Reached XP level 9. HP: 72/72 MP: 14/14
  5848 | D:6      | Noticed Blork the orc
  5857 | D:6      | Killed Blork the orc
  6450 | D:7      | Noticed a hornet
  6458 | D:7      | Killed a hornet
  6544 | D:7      | Noticed Maggie
  6561 | D:7      | Killed Maggie
  6714 | D:7      | Found a shimmering blue altar of Sif Muna.
  6715 | D:7      | Noticed Pikel
  6797 | D:7      | Learned a level 2 spell: Wereblood
  7204 | D:7      | Found a glowing silver altar of Zin.
  7297 | D:7      | Killed Pikel
  7298 | D:7      | Reached skill level 5 in Invocations
  7389 | D:8      | Reached **** piety under Cheibriados
  7394 | D:8      | Reached XP level 10. HP: 80/80 MP: 17/17
  7524 | D:8      | Found a white marble altar of Elyvilon.
  7753 | D:8      | Found a blossoming altar of Fedhas.
  7945 | D:9      | Reached skill level 5 in Short Blades
  7945 | D:9      | Reached skill level 5 in Long Blades
  7945 | D:9      | Reached skill level 5 in Axes
  7945 | D:9      | Reached skill level 5 in Maces & Flails
  7945 | D:9      | Reached skill level 5 in Polearms
  7945 | D:9      | Reached skill level 5 in Staves
  7945 | D:9      | Reached skill level 5 in Slings
  7945 | D:9      | Reached skill level 5 in Bows
  7945 | D:9      | Reached skill level 5 in Crossbows
  7945 | D:9      | Reached skill level 5 in Throwing
  7945 | D:9      | Reached skill level 5 in Armour
  7945 | D:9      | Reached skill level 5 in Shields
  7945 | D:9      | Reached skill level 5 in Spellcasting
  7945 | D:9      | Reached skill level 5 in Evocations
  7950 | D:9      | Gained mutation: Your flesh is heat resistant. (rF+)
                  | [potion of mutation]
  7950 | D:9      | Gained mutation: You can translocate small distances at
                  | will. [potion of mutation]
  7950 | D:9      | Gained mutation: You are partially covered in thin metallic
                  | scales. (AC +2) [potion of mutation]
  7950 | D:9      | Gained mutation: Your natural rate of healing is unusually
                  | fast. [potion of mutation]
  7976 | D:9      | HP: 3/81 [killer bee (2)]
  7977 | D:9      | HP: 1/81 [killer bee (1)]
  7978 | D:9      | Identified a scroll of acquirement
  7978 | D:9      | Acquired 951 gold pieces
  7978 | D:9      | Slain by a killer bee

Illustrated notes

Levels and vault maps discovered:
D:1:      dpeg_arrival_simpleton_c, layout_basic, bh_walls_and_bars
D:2:      layout_loops_corners, uniq_jessica
D:3:      layout_loops_corners, lemuel_round_altar, lemuel_round_altar,
          uniq_robin, uniq_terence, uniq_grinder
D:4:      layout_rooms, uniq_menkaure
D:5:      layout_gridville, eat_drink_and_be_merry_uskayaw,
          minmay_temple_entry_statues_pillars
D:6:      layout_loops_ring, uniq_blork_the_orc
D:7:      layout_loops_cross, nicolae_overflow_hidden_temple, zin_scriptorium,
          minmay_misc_feat_hallway, uniq_maggie, uniq_pikel
D:8:      layout_rooms, elyvilon_altar_5, fedhas_altar_2
D:9:      layout_cave_pools
Temple:   nicolae_temple_elliptical

Skill      XL: |  1  2  3  4  5  6  7  8  9 10 |
---------------+-------------------------------+-----
Invocations    | 1 2 3 4 5 |  5.5
Short Blades   | 1 2 3 4 5 |  5.0
Long Blades    | 1 2 3 4 5 |  5.0
Axes           | 1 2 3 4 5 |  5.0
Maces & Flails | 1 2 3 4 5 |  5.0
Polearms       | 1 2 3 4 5 |  5.0
Staves         | 1 2 3 4 5 |  5.0
Slings         | 1 2 3 4 5 |  5.0
Bows           | 1 2 3 4 5 |  5.0
Crossbows      | 1 2 3 4 5 |  5.0
Throwing       | 1 2 3 4 5 |  5.0
Armour         | 1 2 3 4 5 |  5.0
Shields        | 1 2 3 4 5 |  5.0
Spellcasting   | 1 2 3 4 5 |  5.0
Evocations     | 1 2 3 4 5 |  5.0
Conjurations   | 1 2 3 4 |  4.1
Hexes          | 1 2 3 4 |  4.1
Summonings     | 1 2 3 4 |  4.1
Necromancy     | 1 2 3 4 |  4.1
Translocations | 1 2 3 4 |  4.1
Transmutations | 1 2 3 4 |  4.1
Fire Magic     | 1 2 3 4 |  4.1
Ice Magic      | 1 2 3 4 |  4.1
Air Magic      | 1 2 3 4 |  4.1
Earth Magic    | 1 2 3 4 |  4.1
Poison Magic   | 1 2 3 4 |  4.1
Fighting       | 7 8 |  8.3
Dodging        | 7 8 |  8.3
Unarmed Combat | 7 8 |  8.3
Stealth        | 5 6 |  6.6

Action                   |  1- 3 |  4- 6 |  7- 9 | 10-12 || total
-------------------------+-------+-------+-------+-------++-------
Melee: Whip              |   105 |    99 |       |       ||   204
       Bite              |    11 |    17 |    44 |    15 ||    87
       Unarmed           |     4 |       |       |       ||     4
       Punch             |       |     4 |     8 |       ||    12
       Flail             |       |    91 |   212 |       ||   303
       Morningstar       |       |       |    44 |    28 ||    72
       Dagger            |       |       |       |    38 ||    38
 Fire: Hunting sling     |       |       |    35 |       ||    35
Throw: Dart              |       |     2 |       |       ||     2
       Javelin           |       |     3 |       |       ||     3
 Cast: Wereblood         |       |       |     1 |     2 ||     3
Evoke: Wand              |       |       |     1 |       ||     1
  Use: Scroll            |       |     5 |     1 |     5 ||    11
       Potion            |       |     1 |       |     8 ||     9
 Stab: Sleeping          |     1 |    12 |     9 |       ||    22
       Distracted        |       |       |     1 |       ||     1
Armor: Chain mail        |    30 |       |       |       ||    30
       Robe              |     2 |       |       |       ||     2
       Ring mail         |       |    33 |    88 |    38 ||   159
Dodge: Dodged            |    64 |   146 |   260 |   156 ||   626
Block: Kite shield       |       |       |    31 |   129 ||   160
